 Dungeon Crawl Stone Soup version 0.31-a0-1074-g0b22e4e0f1 (webtiles) character file.

Game seed: 12357002551605429990

23 wildpjah the Sneak (level 2, -2/13 HPs)
             Began as a Vine Stalker Enchanter on Nov 26, 2023.
             Splashed by a jelly's acid (7 damage)
             ... on level 2 of the Dungeon.
             The game lasted 00:01:23 (948 turns).

wildpjah the Sneak (Vine Stalker Enchanter)          Turns: 948, Time: 00:01:24

Health: -2/13      AC:  0    Str: 10    XL:     2   Next: 95%
Magic:  0/6        EV: 11    Int: 15    God:
Gold:   34         SH:  0    Dex: 14    Spells: 3/5 levels left

rFire   . . .        a - +1 dagger
rCold   . . .        (no shield)
rNeg    . . .        e - +0 leather armour
rPois   .            h - +0 helmet
rElec   .            (no cloak)
rCorr   .            (no gloves)
SInv    .            (no boots)
Will    .....        (no amulet)
Stlth   ++           (no ring)
HPRegen 1.02/turn    (no ring)
MPRegen 0.10/turn

%: guardian spirit
@: corroded
A: fangs 2, regeneration 1, magic shield, antimagic bite, no potion heal 2
a: no special abilities


You were on level 2 of the Dungeon.
You visited 1 branch of the dungeon, and saw 2 of its levels.

You collected 34 gold pieces.

Inventory:

Hand Weapons
 a - a +1 dagger (weapon)
Armour
 b - a +0 robe
 e - a +0 leather armour (worn)
 h - a +0 helmet (worn)
Scrolls
 d - 3 scrolls of fog {unknown}
 g - a scroll of enchant weapon {unknown}
 i - a scroll of butterflies {unknown}
Potions
 c - 2 potions of invisibility
 f - a potion of enlightenment {unknown}


   Skills:
 + Level 1.0 Short Blades
 + Level 0.1 Armour
 + Level 1.6 Dodging
 + Level 4.3 Stealth
 + Level 2.2 Spellcasting
 + Level 3.4 Hexes
 + Level 0.2 Ice Magic


You had 3 spell levels left.
You knew the following spells:

 Your Spells              Type           Power      Damage    Failure   Level
a - Ensorcelled Hibernat  Hex/Ice        14%        N/A       22%         2

Your spell library contained the following spells:

 Spells                   Type           Power      Damage    Failure   Level
 Confusing Touch          Hex            11%        N/A       22%         3
 Tukima's Dance           Hex            11%        N/A       22%         3
 Dazzling Flash           Conj/Hex       12%        N/A       41%         3


Dungeon Overview and Level Annotations

Branches:
Dungeon (2/15)

Altars:


Innate Abilities, Weirdness & Mutations

You have extremely sharp teeth.
Your natural rate of healing is unusually fast.
When hurt, damage is shared between your health and your magic reserves.
Your bite disrupts and absorbs the magic of your enemies.
Potions cannot restore your health.


Message History

An endoplasm comes into view.
The endoplasm quivers.
You hit the endoplasm.
The endoplasm is lightly wounded.
You hit the endoplasm.
You bite the endoplasm, but do no damage.
The endoplasm is almost dead.
The endoplasm freezes you.
You are frozen.
You hit the endoplasm.
You kill the endoplasm!
No target in view!
Magic restored.
There is a stone staircase leading down here.
i - a scroll labelled ERUITI IJIN
Found 6 large rocks.
You now have 34 gold pieces (gained 16).
A ball python comes into view.
A jelly comes into view.
The helpless ball python fails to defend itself.
You puncture the ball python!
You kill the ball python!
The jelly quivers.
Aiming: Ensorcelled Hibernation (safe; 22% risk of failure)
Press: ? - help, Q - select action Shift-Dir - straight line, f - jelly
Aim: a jelly (chance to affect: 50%)
The jelly resists with some effort.
The jelly hits you. The acid corrodes you!
You are splashed with acid!
Ouch! That really hurt!
Aiming: Ensorcelled Hibernation (safe; 22% risk of failure)
Press: ? - help, Q - select action Shift-Dir - straight line, f/p - jelly
Aim: a jelly (chance to affect: 50%)
The jelly resists with some effort.
The jelly barely misses you.
Unknown command.
You hit the jelly but do no damage.
Your hands burn!
You bite the jelly, but do no damage. The jelly hits you.
You are splashed with acid!
Ouch! That really hurt!
You die...

..... ....#
#.#.# ##.#.#
#....#
###....##
#######.......#
#.............#
#.#####.....@J#
#.# ###...##..#
#.# #...# ##
### #.# ##.##
..# #.# #..
#.###.# ###.
...##.#######
.#...........
...#####(###.


You could see a jelly.

Vanquished Creatures
  A ball python (D:2)
  2 bats (D:1)
  3 endoplasms
  A giant cockroach (D:1)
  3 goblins (D:1)
  3 hobgoblins (D:1)
  A kobold (D:1)
  2 quokkas (D:1)
  A frilled lizard (D:1)
  A rat (D:1)
18 creatures vanquished.

Notes
Turn   | Place    | Note
-------+----------+-------------------------------------------
     0 | D:1      | wildpjah the Vine Stalker Enchanter began the quest for the
                  | Orb.
     0 | D:1      | Reached XP level 1. HP: 9/9 MP: 4/4
   156 | D:1      | Reached XP level 2. HP: 13/13 MP: 6/6
   163 | D:1      | Reached skill level 4 in Stealth
   293 | D:1      | Learned a level 2 spell: Ensorcelled Hibernation
   353 | D:1      | Reached skill level 1 in Short Blades
   948 | D:2      | Splashed by a jelly's acid

Illustrated notes

Levels and vault maps discovered:
D:1:      saegor_arrival_simple_e, layout_loops_ring, serial_bayou_lagoon_b
D:2:      layout_loops_ring

Skill      XL: |  1  2 |
---------------+-------+-----
Stealth        | 4 |  4.3
Short Blades   | 1 |  1.0
Armour         | |  0.1
Dodging        | |  1.6
Spellcasting   | |  2.2
Hexes          | |  3.4
Ice Magic      | |  0.2

Action                     || total
---------------------------++-------
  Melee: Dagger            ||    39
         Bite              ||     8
         Punch             ||     1
   Cast: Ensorcelled Hiber ||     8
   Stab: Sleeping          ||     8
 Armour: Robe              ||     2
         Leather armour    ||    11
  Dodge: Dodged            ||    18

Table legend: (Time is in decaauts)
 A = Elapsed time spent in this place.
 B = Non-inter-level travel time spent in this place.
 C = Inter-level travel time spent in this place.
 D = Time resting spent in this place.
 E = Time spent auto-exploring this place.
 F = Levels seen in this place.
 G = Mean time per level.
                   A        B        C        D        E       F      G
               +--------+--------+--------+--------+--------+-----+--------+
         Total |    968 |    929 |     39 |      0 |    756 |   2 |  484.0 |
       Dungeon |    968 |    929 |     39 |      0 |    756 |   2 |  484.0 |
               +--------+--------+--------+--------+--------+-----+--------+

Top non-repeatable levels by time:
     D:1: 887 daAuts
     D:2: 81 daAuts
